 Dungeon Crawl Stone Soup version 0.29.1-1-gd02db6906a (webtiles) character file.

Game seed: 5074766449555405391

331 Exporg the Shield-Bearer (level 6, -1/48 HPs)
             Began as a Formicid Fighter on Oct 10, 2022.
             Killed by divine providence
             ... invoked by an orc priest
              (12 damage)
             ... on level 5 of the Dungeon.
             The game lasted 00:04:34 (3609 turns).

Exporg the Shield-Bearer (Formicid Fighter)         Turns: 3609, Time: 00:04:34

Health: -1/48      AC:  7    Str: 17 (20) XL:     6   Next: 81%
Magic:  6/6        EV:  9    Int:  5 (8)  God:
Gold:   229        SH:  0    Dex: 14 (15) Spells: 5/5 levels left

rFire   . . .      SeeInvis +   a - +0 trident
rCold   . . .      Faith    .   c - +0 buckler
rNeg    . . .      Spirit   .   b - +0 scale mail
rPois   .          Reflect  .   (helmet unavailable)
rElec   .          Harm     .   (no cloak)
rCorr   .          Rampage  .   (no gloves)
Will    .....                   (no boots)
Stlth   ..........              (no amulet)
HPRegen 0.16/turn               (no ring)
MPRegen 0.10/turn               (no ring)

@: confused, brilliant, lethally poisoned (-1 -> -3), ambrosia-drunk
A: permanent stasis, dig shafts and tunnels, antennae 3, four strong arms, fangs
1, deterioration 1
a: Dig, Shaft Self


You were on level 5 of the Dungeon.
You visited 1 branch of the dungeon, and saw 5 of its levels.

You collected 229 gold pieces.

Inventory:

Hand Weapons
 a - a +0 trident (weapon)
Armour
 b - a +0 scale mail (worn)
 c - a +0 buckler (worn)
 i - a +0 chain mail
Jewellery
 r - a ring of ice
Scrolls
 e - 2 scrolls of fear {unknown}
 f - a scroll of noise {unknown}
 g - 3 scrolls of amnesia {unknown}
 j - 4 scrolls of enchant armour {unknown}
 k - 3 scrolls of identify {unknown}
 l - a scroll of poison {unknown}
 m - 2 scrolls of teleportation {unknown}
 n - 2 scrolls of immolation {unknown}
 p - a scroll of enchant weapon {unknown}
 s - a scroll of blinking {unknown}
 w - a scroll of silence {unknown}
Potions
 d - 2 potions of might
 t - a potion of magic {unknown}
 u - a potion of flight {unknown}
 v - a potion of ambrosia


   Skills:
 + Level 4.1 Fighting
 + Level 4.3 Polearms
 + Level 4.9 Armour
 + Level 0.8 Dodging
 + Level 1.2 Stealth
 + Level 5.1 Shields


You had 5 spell levels left.
You didn't know any spells.
Your spell library contained the following spells:

 Spells                   Type           Power      Damage    Failure   Level
 Beastly Appendage        Tmut           0%         N/A       90%         1
 Wereblood                Tmut           0%         N/A       97%         2
 Gell's Gravitas          Tloc           0%         N/A       99%         3
 Spider Form              Tmut/Pois      0%         N/A       99%         3
 Teleport Other           Tloc           0%         N/A       99%         3
 Dispersal                Tloc           0%         N/A       100%        6


Dungeon Overview and Level Annotations

Branches:
Dungeon (5/15)
 Temple: D:4-7

Altars:
Kikubaaqudgha
Uskayaw

Annotations:
D:5 2 transporters


Innate Abilities, Weirdness & Mutations

You cannot be hasted, slowed, berserked, paralysed or teleported.
You can dig through walls and to a lower floor.
You have a pair of large antennae on your head. (SInv)
Your four strong arms can wield two-handed weapons with a shield.
You have very sharp teeth.
Your body sometimes deteriorates upon taking damage.


Message History

You are too injured to fight recklessly!
Unknown command.
You are too injured to fight recklessly!
Unknown command.
You are too injured to fight recklessly!
Unknown command.
You barely miss the orc priest.
The orc priest is almost dead.
* * * LOW HITPOINT WARNING * * *
You feel very sick. You block the scorpion's attack.
The orc priest hits you but does no damage.
You block the scorpion's attack.
You puncture the orc priest!
You kill the orc priest!
* * * LOW HITPOINT WARNING * * *
You feel sick. The scorpion closely misses you.
Unknown command.
It was a potion of ambrosia.
You are confused.
You feel invigorated.
* * * LOW HITPOINT WARNING * * *
You feel sick. The scorpion stings you.
* * * LOW HITPOINT WARNING * * *
It was a potion of degeneration.
There was something very wrong with that liquid.
You feel weakened.
You feel dopey.
You feel clumsy.
You feel sick. The scorpion closely misses you.
Okay, then.
It was a potion of brilliance.
You feel clever all of a sudden.
You feel sick. The scorpion stings you.
* * * LOW HITPOINT WARNING * * *
The scorpion closely misses you.
It was a potion of mutation.
You feel extremely strange.
You feel yourself wasting away.
Your teeth lengthen and sharpen.
You feel sick.
The orc priest invokes the aid of Beogh against you.
Beogh smites you!
You die...

..o ####### o.{ #.....#
#.# #.....# #.# #.....#
#.######.....#
#.##.........#
#.o#.#########
######s#.####
#....@).....##
#.8.......8..#####
#................#
#.8.......8..###.#
..##..............#.#####
#.##.8..._...8..#.#......
#.##....###.....#........
.....#.......####........
#.##.......### #.......#


You could see a scorpion and an orc priest.

Vanquished Creatures
  A scorpion (D:4)
  A hound (D:4)
  2 jellies (D:5)
  2 orc priests
  A gnoll (D:1)
  2 adders
  3 worms
  A dart slug (D:5)
  7 orcs
  9 ball pythons
  5 endoplasms
  2 giant cockroaches
  5 goblins
  4 hobgoblins
  8 jackals
  4 kobolds
  2 quokkas (D:4)
  8 bats
  5 frilled lizards
  6 rats
78 creatures vanquished.

Notes
Turn   | Place    | Note
-------+----------+-------------------------------------------
     0 | D:1      | Exporg the Formicid Fighter began the quest for the Orb.
     0 | D:1      | Reached XP level 1. HP: 18/18 MP: 1/1
    78 | D:1      | Reached XP level 2. HP: 10/24 MP: 2/2
   436 | D:1      | Reached XP level 3. HP: 25/30 MP: 3/3
   579 | D:1      | Found a faded altar of an unknown god.
   579 | D:1      | Noticed a great orb of eyes
   584 | D:1      | Noticed a golden eye
   592 | D:1      | Noticed a golden eye
   592 | D:1      | Noticed a golden eye
  1444 | D:2      | Reached XP level 4. HP: 37/37 MP: 4/4
  1531 | D:2      | Found an ancient bone altar of Kikubaaqudgha.
  2111 | D:3      | Reached skill level 1 in Stealth
  2710 | D:4      | Reached XP level 5. HP: 41/42 MP: 5/5
  2971 | D:4      | Reached XP level 6. HP: 24/48 MP: 6/6
  3162 | D:4      | Noticed an ogre
  3196 | D:5      | Entered Level 5 of the Dungeon
  3202 | D:5      | Found a transporter.
  3399 | D:5      | Reached skill level 5 in Shields
  3542 | D:5      | Found a transporter.
  3568 | D:5      | Found a hide-covered altar of Uskayaw.
  3609 | D:5      | Gained mutation: Your body sometimes deteriorates upon
                  | taking damage. [potion of mutation]
  3609 | D:5      | Gained mutation: You have very sharp teeth. [potion of
                  | mutation]
  3609 | D:5      | Killed from afar by an orc priest

Illustrated notes

Levels and vault maps discovered:
D:1:      dpeg_arrival_arbitrary_a, layout_loops_ring,
          hellmonk_ecumenical_altar_watching_god
D:2:      layout_loops_ring, basic_altar
D:3:      layout_basic
D:4:      layout_loops_cross, uniq_blork_the_orc
D:5:      layout_loops_cross, eat_drink_and_be_merry_uskayaw,
          gammafunk_ghost_abyssal_escape

Skill      XL: |  1  2  3  4  5  6 |
---------------+-------------------+-----
Armour         | 4 |  4.9
Polearms       | 3 4 |  4.3
Stealth        | 1 |  1.2
Fighting       | 4 |  4.1
Shields        | 5 |  5.1
Dodging        | |  0.8

Action                   |  1- 3 |  4- 6 || total
-------------------------+-------+-------++-------
Melee: Trident           |    82 |   174 ||   256
 Abil: Dig               |       |     1 ||     1
  Use: Potion            |       |     4 ||     4
Armor: Scale mail        |    23 |    54 ||    77
Dodge: Dodged            |    15 |    79 ||    94
Block: Buckler           |    10 |    48 ||    58
